 Dungeon Crawl Stone Soup version 0.21.0 (webtiles) character file.

5824 tsouns the Basher (level 11, -5/109 HPs)
             Began as a Kobold Berserker on Jan 7, 2018.
             Was a High Priest of Trog.
             Slain by a six-headed hydra (7 damage)
             ... on level 1 of the Lair of Beasts.
             The game lasted 00:22:54 (8776 turns).

tsouns the Basher (Kobold Berserker)                Turns: 8776, Time: 00:22:55

Health: -5/109     AC:  9    Str: 26    XL:     11   Next: 7%
Magic:  11/11      EV: 16    Int:  8    God:    Trog [*****.]
Gold:   443        SH:  0    Dex: 15    Spells: 10/10 levels left

rFire    . . .     SeeInvis .   H - +1 flail
rCold    . . .     Gourm    .   (shield restricted)
rNeg     . . .     Faith    .   r - +1 scale mail "Weiqiu" {Str+3} (curse)
rPois    +         Spirit   .   G - +0 helmet
rElec    .         Reflect  .   n - +0 cloak
rCorr    .         Harm     .   (no gloves)
MR       +....                  (no boots)
Stlth    ..........             p - amulet of rage
HPRegen  0.28/turn              q - ring of protection from magic
MPRegen  0.12/turn              E - ring of poison resistance

@: berserking, very quick
A: small, carnivore
a: Berserk, Trog's Hand, Brothers in Arms, Burn Spellbooks, Renounce Religion,
Evoke Berserk Rage


You were on level 1 of the Lair of Beasts.
You worshipped Trog.
Trog was extremely pleased with you.
You were very full.

You visited 2 branches of the dungeon, and saw 10 of its levels.
You also visited: Ossuary.

You collected 443 gold pieces.

Inventory:

Hand Weapons
 u - a +0 whip of freezing
 H - a +1 flail (weapon)
Missiles
 i - 223 stones (quivered)
 z - 7 tomahawks
Armour
 n - a +0 cloak (worn)
 r - the cursed +1 scale mail "Weiqiu" (worn) {Str+3}
   (You found it on level 5 of the Dungeon)

   It affects your strength (+3).
   It has a curse placed upon it.
 G - a +0 helmet (worn)
Jewellery
 p - an amulet of rage (around neck)
 q - a ring of protection from magic (left hand)
 A - an uncursed ring of protection from fire
 E - a ring of poison resistance (right hand)
Wands
 a - a wand of paralysis (10)
 s - a wand of acid (11)
 t - a wand of polymorph (14)
 y - a wand of disintegration (16)
 I - a wand of random effects (29)
Scrolls
 b - a scroll of magic mapping
 d - 9 scrolls of remove curse
 e - 6 scrolls of teleportation
 l - a scroll of fear
 m - 6 scrolls of immolation
Potions
 f - a potion of invisibility {unknown}
 g - a potion of lignification
 j - 2 potions of haste
 k - 8 potions of curing
 v - 3 potions of resistance {unknown}
 w - 4 potions of brilliance
 x - a potion of agility
 B - 2 potions of mutation
 C - a potion of heal wounds {unknown}
 D - 4 potions of might {unknown}
 M - a potion of flight {unknown}
Books
 F - a book of Flames

   Spells                             Type                      Level
   a - Flame Tongue                   Conjuration/Fire             1
   b - Throw Flame                    Conjuration/Fire             2
   c - Conjure Flame                  Conjuration/Fire             3
   d - Inner Flame                    Hexes/Fire                   3
   e - Sticky Flame                   Conjuration/Fire             4
   f - Fireball                       Conjuration/Fire             5
   Trog disapproves of the use of such an item.
 K - a book of Air

   Spells                             Type                      Level
   a - Shock                          Conjuration/Air              1
   b - Swiftness                      Charms/Air                   2
   c - Static Discharge               Conjuration/Air              3
   d - Airstrike                      Air                          4
   e - Lightning Bolt                 Conjuration/Air              5
   Trog disapproves of the use of such an item.
 L - a book of Misfortune

   Spells                             Type                      Level
   a - Confusing Touch                Hexes                        1
   b - Confuse                        Hexes                        3
   c - Gell's Gravitas                Translocation                3
   d - Petrify                        Transmutation/Earth          4
   e - Metabolic Englaciation         Hexes/Ice                    5
   f - Yara's Violent Unravelling     Hexes/Transmutation          5
   Trog disapproves of the use of such an item.
Comestibles
 c - 15 rations


   Skills:
 + Level 10.5 Fighting
 + Level 11.0 Maces & Flails
 + Level 1.8 Armour
 + Level 5.8 Dodging
 + Level 3.6 Stealth


You had 10 spell levels left.
You didn't know any spells.

Dungeon Overview and Level Annotations

Branches:
Dungeon (9/15)             Temple (0/1) D:5            Lair (1/6) D:9
    Orc: D:9-12

Altars:
Dithmenos
Kikubaaqudgha
Okawaru
Ru
Vehumet
Wu Jian
Xom


Innate Abilities, Weirdness & Mutations

You are small and have problems with some larger weapons.
You are carnivorous and can eat meat at any time.


Message History

The six-headed hydra completely misses you.
You sock the six-headed hydra!
The six-headed hydra is heavily wounded.
The six-headed hydra completely misses you.
The six-headed hydra bites you but does no damage.
The six-headed hydra bites you!
* * * LOW HITPOINT WARNING * * *
The six-headed hydra bites you but does no damage.
The six-headed hydra bites you!
* * * LOW HITPOINT WARNING * * *
The six-headed hydra bites you.
* * * LOW HITPOINT WARNING * * *
You hit the six-headed hydra.
The six-headed hydra is heavily wounded.
You hit the six-headed hydra.
The six-headed hydra is heavily wounded.
The six-headed hydra barely misses you.
The six-headed hydra bites you but does no damage.
The six-headed hydra bites you!
You die...

## ### ###
.####.############.#############
.................................
########........@................
.......#........D................
.......#.........................
####.P##........##.##P.##........
................#.........#......
................#............####
................#.....†<....#...#
.###+.#.###.#...#...............#
.#..........#...##...###.##.#...#


You could see a six-headed hydra.

Vanquished Creatures
  Pikel (D:4)
  The ghost of Lanoc the Geomancer, a novice OpEE of Ashenzari (D:5)
  A komodo dragon (Lair:1)
  Prince Ribbit (D:9)
  Grinder (D:4)
  A hippogriff (D:9)
  Eustachio (D:4)
  A basilisk (Lair:1)
  A porcupine (Lair:1)
  A water moccasin (Lair:1)
  2 sky beasts
  An ice beast (D:9)
  2 phantoms
  2 slaves (D:4)
  3 orc warriors (D:9)
  3 black bears (D:9)
  2 ogres
  3 necrophages (D:8)
  A wolf (D:9)
  2 centaurs
  2 crocodiles
  3 bullfrogs
  A wyvern zombie (D:8)
  A gnoll sergeant (D:9)
  2 water moccasin zombies (Ossuary)
  3 scorpions
  2 wights (D:8)
  2 howler monkeys
  3 bullfrog zombies
  2 crimson imps
  A centaur zombie (D:6)
  A jelly (D:6)
  2 centaur skeletons
  An orc priest (D:9)
  2 hounds
  Crazy Yiuf (D:3)
  An iguana (D:4)
  4 orc wizards
  3 worker ants
  A killer bee zombie (D:8)
  3 big kobold zombies (Ossuary)
  6 mummies
  A howler monkey zombie (D:8)
  A worker ant zombie (D:8)
  3 gnolls (D:9)
  10 adders
  3 shadow imps
  3 adder zombies (Ossuary)
  2 oozes
  An adder skeleton (D:8)
  A dart slug (D:2)
  5 leopard geckos
  16 orcs
  10 giant cockroaches
  3 gnoll zombies (Ossuary)
  9 goblins
  9 hobgoblins
  15 jackals
  5 kobolds
  A quokka (D:9)
  A ball python (D:5)
  6 bats
  5 frilled lizards
  9 hobgoblin zombies (Ossuary)
  3 kobold zombies (Ossuary)
  4 orc zombies (Ossuary)
  2 quokka skeletons
  5 rats
211 creatures vanquished.

Vanquished Creatures (collateral kills)
  Grum (D:9)
  A wolf (D:9)
  An adder skeleton (D:9)
3 creatures vanquished.

Vanquished Creatures (others)
  An orc priest (D:4)
  A worm (D:4)
  2 orcs (D:4)
  A fungus (Lair:1)
  A withered plant (D:8)
6 creatures vanquished.

Grand Total: 220 creatures vanquished

Notes
Turn   | Place    | Note
-------+----------+-------------------------------------------
     0 | D:1      | tsouns the Kobold Berserker began the quest for the Orb.
     0 | D:1      | Reached XP level 1. HP: 14/14 MP: 1/1
    76 | D:1      | Reached XP level 2. HP: 16/19 MP: 2/2
    78 | D:1      | Reached skill level 3 in Maces & Flails
   576 | D:1      | Reached XP level 3. HP: 19/24 MP: 3/3
  1008 | D:2      | Reached ** piety under Trog
  1226 | D:2      | Reached XP level 4. HP: 30/30 MP: 4/4
  1783 | D:3      | Found a runed door.
  1787 | D:3      | Noticed Crazy Yiuf
  1791 | D:3      | Killed Crazy Yiuf
  1940 | D:3      | Reached XP level 5. HP: 31/34 MP: 5/5
  2143 | D:3      | Reached skill level 5 in Fighting
  2143 | D:3      | Reached skill level 4 in Maces & Flails
  2433 | D:4      | Noticed a slave
  2433 | D:4      | Noticed a slave
  2443 | D:4      | Noticed a slave
  2447 | D:4      | Noticed a slave
  2449 | D:4      | Noticed Pikel
  2451 | D:4      | Killed a slave
  2469 | D:4      | Killed Pikel
  2469 | D:4      | Reached skill level 5 in Maces & Flails
  2469 | D:4      | Reached XP level 6. HP: 35/42 MP: 6/6
  2469 | D:4      | Reached XP level 7. HP: 39/47 MP: 7/7
  2498 | D:4      | Found a sand-covered staircase.
  2509 | Ossuary  | Entered an ossuary
  2696 | Ossuary  | Reached *** piety under Trog
  2912 | Ossuary  | Reached XP level 8. HP: 53/53 MP: 8/8
  2926 | Ossuary  | Reached skill level 6 in Maces & Flails
  3512 | D:4      | Found an ancient bone altar of Kikubaaqudgha.
  3530 | D:4      | Noticed Eustachio
  3530 | D:4      | Noticed Grinder
  3575 | D:4      | Killed Grinder
  3812 | D:4      | Killed Eustachio
  3812 | D:4      | Reached skill level 7 in Maces & Flails
  4295 | D:5      | Entered Level 5 of the Dungeon
  4296 | D:5      | Found a staircase to the Ecumenical Temple.
  4337 | D:5      | Reached skill level 1 in Stealth
  4337 | D:5      | Reached XP level 9. HP: 45/59 MP: 9/9
  4417 | D:5      | Reached **** piety under Trog
  4739 | D:5      | Found an iron altar of Okawaru.
  4858 | D:5      | Noticed Lanoc's ghost (novice OpEE)
  4872 | D:5      | Killed Lanoc's ghost
  4872 | D:5      | Reached skill level 5 in Dodging
  4891 | D:5      | Got a crude scale mail
  4902 | D:5      | Identified the cursed +1 scale mail "Weiqiu" {Str+3} (You found it on level 5 of the Dungeon)
  5180 | D:5      | Reached skill level 8 in Maces & Flails
  5316 | D:6      | Found a shimmering altar of Xom.
  5811 | D:7      | Found an iron altar of Okawaru.
  5812 | D:7      | Found an ornate altar of the Wu Jian Council.
  5812 | D:7      | Found a radiant altar of Vehumet.
  5812 | D:7      | Found a shadowy altar of Dithmenos.
  6622 | D:8      | Noticed a guardian serpent
  6627 | D:8      | Noticed a troll
  6628 | D:8      | Noticed a manticore
  6660 | D:8      | Reached skill level 9 in Maces & Flails
  6677 | D:8      | Reached XP level 10. HP: 56/64 MP: 10/10
  6963 | D:8      | Found a sacrificial altar of Ru.
  7340 | D:9      | Reached skill level 10 in Maces & Flails
  7548 | D:9      | Reached ***** piety under Trog
  7628 | D:9      | Noticed Prince Ribbit
  7637 | D:9      | Killed Prince Ribbit
  7693 | D:9      | Noticed Grum
  7705 | D:9      | Reached skill level 10 in Fighting
  7725 | D:9      | Killed Grum
  8153 | D:9      | Found a staircase to the Lair.
  8287 | Lair:1   | Entered Level 1 of the Lair of Beasts
  8287 | Lair:1   | Noticed a komodo dragon
  8294 | Lair:1   | Killed a komodo dragon
  8485 | D:9      | Reached skill level 11 in Maces & Flails
  8485 | D:9      | Reached XP level 11. HP: 67/73 MP: 11/11
  8748 | Lair:1   | Noticed a six-headed hydra
  8774 | Lair:1   | HP: 1/109 [six-headed hydra (6)]
  8776 | Lair:1   | Slain by a six-headed hydra

Skill      XL: |  1  2  3  4  5  6  7  8  9 10 |
---------------+-------------------------------+-----
Maces & Flails | 3 5 7 9 11 | 11.0
Fighting       | 4 6 7 9 10 | 10.5
Dodging        | 4 5 |  5.8
Stealth        | 1 3 |  3.6
Armour         | |  1.8

Action                   |  1- 3 |  4- 6 |  7- 9 | 10-12 || total
-------------------------+-------+-------+-------+-------++-------
Melee: Mace              |   109 |   117 |   347 |       ||   573
       Whip              |       |       |    87 |       ||    87
       Flail             |       |       |    45 |   327 ||   372
Invok: Berserk           |     3 |     3 |    10 |     8 ||    24
       Trog's Hand       |       |     1 |     2 |     1 ||     4
       Burn Spellbooks   |       |       |       |     1 ||     1
       Brothers in Arms  |       |       |       |     1 ||     1
Evoke: Wand              |       |       |       |     4 ||     4
  Use: Scroll            |       |       |    13 |     5 ||    18
       Potion            |       |       |       |     1 ||     1
 Stab: Sleeping          |     1 |     2 |       |     1 ||     4
       Distracted        |       |       |       |     1 ||     1
  Eat: Chunk             |    11 |     7 |    24 |    16 ||    58
Armor: Animal skin       |    14 |    25 |       |       ||    39
       Ring mail         |       |     7 |    41 |       ||    48
       Robe              |       |       |    13 |       ||    13
       Scale mail        |       |       |    32 |   109 ||   141
Dodge: Dodged            |    95 |    99 |   323 |   237 ||   754
